[Event "Ste-Foy 4 2025-26"]
[Site "Ste-Foy CAN"]
[Date "2026.01.19"]
[Round "2"]
[White "Potvin, Alain-Nicolas"]
[Black "Houde, Louis-Thomas"]
[Result "1-0"]
[ECO "D12"]
[WhiteElo "1701"]
[BlackElo "1390"]
[WhiteFideId "-1"]
[BlackFideId "-1"]
[PlyCount "55"]
[GameId "2268743049750447"]
[EventDate "2026.01.12"]
[EventType "swiss"]
[EventRounds "5"]
[EventCountry "CAN"]
[TimeControl "5400+30"]

1. d4 c6 2. Nf3 d5 3. e3 Nf6 4. c4 Bf5 5. cxd5 cxd5 6. Nc3 e6 7. Qb3 Qc8 8. Bd2 Nc6 9. Rc1 Rb8 10. Ne5 Ne4 11. Nxe4 Bxe4 12. f3 Bg6 13. Qa4 a6 14. Nxc6 bxc6 15. Rxc6 Qd7 16. Qxa6 Be7 17. Rb6 O-O 18. Bb5 Rxb6 19. Qxb6 Qc8 20. Qc6 Qb8 21. O-O Rc8 22. Qd7 Kf8 23. Rc1 Rd8 24. Qc6 Bd6 25. Ba5 Bxh2+ 26. Kh1 Re8 27. Bb4+ Kg8 28. Qxe8+ 1-0

[Event "Ste-Foy 4 2025-26"]
[Site "Ste-Foy CAN"]
[Date "2026.01.19"]
[Round "2"]
[White "Wafer, Jacques"]
[Black "Voisin, Antoine"]
[Result "0-1"]
[ECO "A48"]
[WhiteElo "1389"]
[BlackElo "1636"]
[WhiteFideId "-1"]
[BlackFideId "-1"]
[PlyCount "152"]
[GameId "2268743112304571"]
[EventDate "2026.01.12"]
[EventType "swiss"]
[EventRounds "5"]
[EventCountry "CAN"]
[TimeControl "5400+30"]

1. d4 g6 2. Nf3 Nf6 3. e3 Bg7 4. Bc4 d5 5. Bb3 O-O 6. Nbd2 a5 7. a4 Nc6 8. c3 Bf5 9. Bc2 Bxc2 10. Qxc2 e6 11. b3 Nd7 12. Ba3 Re8 13. O-O e5 14. dxe5 Ndxe5 15. Nd4 h5 16. h3 Qh4 17. Rae1 Ra6 18. f4 Nd7 19. Kh2 Nxd4 20. cxd4 Rc6 21. Qb1 Qd8 22. Qd3 Nf6 23. Rf3 Ne4 24. Bb2 Bf8 25. Rff1 Bb4 26. Rd1 Nxd2 27. Rxd2 Bxd2 28. Qxd2 b6 29. f5 g5 30. Qf2 Qd6+ 31. Kg1 Re4 32. f6 Kh7 33. Qf5+ Kh6 34. Qc8 g4 35. Qg8 Qxf6 36. Rxf6+ Rxf6 37. Ba3 Rg6 38. Qh8+ Kg5 39. Be7+ Rxe7 40. g3 gxh3 41. Qd8 Kf6 42. Kh2 Ke6 43. Kxh3 Rg4 44. Qh8 Re4 45. Qxh5 Rxe3 46. Qg4+ Kd6 47. Qf4+ Kc6 48. Qf1 Kb7 49. Qb5 c6 50. Qf1 Rxb3 51. Kh4 Rbe3 52. g4 R3e4 53. Qf2 Re2 54. Qf1 R2e6 55. Kh5 Re1 56. Qf2 Rh1+ 57. Kg5 Rh8 58. Qf6 Rhe8 59. Kf5 Kc7 60. g5 Kd7 61. Kf4 Re4+ 62. Kf5 R8e7 63. Qg7 b5 64. axb5 cxb5 65. Qh8 a4 66. Qf6 R4e6 67. Qh8 Re8 68. Qh1 Kc6 69. Qc1+ Kb6 70. Qc5+ Ka5 71. Qxd5 a3 72. Qc5 Re3 73. Qd5 Ka4 74. Qxf7 Rf3+ 75. Kg6 Rxf7 76. Kxf7 Rd8 0-1

[Event "Ste-Foy 4 2025-26"]
[Site "Ste-Foy CAN"]
[Date "2026.01.19"]
[Round "2"]
[White "Cantin, Guillaume"]
[Black "Lessard, Dave"]
[Result "1-0"]
[ECO "D31"]
[WhiteElo "1635"]
[BlackElo "1381"]
[WhiteFideId "-1"]
[BlackFideId "-1"]
[PlyCount "59"]
[GameId "2268743184136135"]
[EventDate "2026.01.12"]
[EventType "swiss"]
[EventRounds "5"]
[EventCountry "CAN"]
[TimeControl "5400+30"]

1. d4 d5 2. c4 e6 3. Nc3 Bb4 4. cxd5 exd5 5. Bf4 Nf6 6. e3 Nc6 7. Bd3 O-O 8. Nge2 Nh5 9. O-O Bg4 10. Qc2 g6 11. Bh6 Re8 12. Nf4 Nxf4 13. Bxf4 Ne7 14. Nb5 Bd6 15. Nxc7 Bxc7 16. Qxc7 Qxc7 17. Bxc7 Rac8 18. Rac1 Nc6 19. Bf4 Nb4 20. Bb5 Nxa2 21. Ra1 Be2 22. Bxe2 Nb4 23. Rxa7 Nc6 24. Rxb7 Nxd4 25. exd4 Rxe2 26. Be5 Rec2 27. h3 R2c6 28. Ra1 f6 29. Bg3 Rc4 30. Raa7 1-0

[Event "Ste-Foy 4 2025-26"]
[Site "Ste-Foy CAN"]
[Date "2026.01.19"]
[Round "2"]
[White "Nougaret, Jonathan"]
[Black "Laurendeau, Alfred"]
[Result "1/2-1/2"]
[ECO "E11"]
[WhiteElo "1345"]
[BlackElo "1553"]
[WhiteFideId "-1"]
[BlackFideId "-1"]
[PlyCount "81"]
[GameId "2268743244044243"]
[EventDate "2026.01.12"]
[EventType "swiss"]
[EventRounds "5"]
[EventCountry "CAN"]
[TimeControl "5400+30"]

1. d4 Nf6 2. c4 e6 3. Nf3 Bb4+ 4. Bd2 Qe7 5. a3 Bxd2+ 6. Qxd2 b6 7. g3 Bb7 8. Bg2 d6 9. Nc3 Ne4 10. Qc2 Nxc3 11. Qxc3 Nd7 12. O-O O-O 13. Rfd1 Nf6 14. Qd3 e5 15. dxe5 dxe5 16. Qc2 Rad8 17. e3 c5 18. Rxd8 Rxd8 19. Rd1 e4 20. Rxd8+ Qxd8 21. Nd2 Qe7 22. Qa4 a6 23. Qb3 Nd7 24. Qc2 f5 25. Qc3 Ne5 26. b4 Nd3 27. bxc5 Qxc5 28. Bf1 Qe5 29. Qb3 Qb2 30. Bxd3 Qxb3 31. Nxb3 exd3 32. Kf1 a5 33. Ke1 Ba6 34. Nd4 Bxc4 35. Nxf5 b5 36. Nd6 a4 37. Nxc4 bxc4 38. Kd2 Kf7 39. f4 Ke6 40. e4 Kd6 41. e5+ 1/2-1/2

[Event "Ste-Foy 4 2025-26"]
[Site "Ste-Foy CAN"]
[Date "2026.01.19"]
[Round "2"]
[White "Chouinard, Etienne"]
[Black "Bourassa, Louis"]
[Result "1/2-1/2"]
[ECO "D50"]
[WhiteElo "1794"]
[BlackElo "1558"]
[WhiteFideId "-1"]
[BlackFideId "-1"]
[PlyCount "73"]
[GameId "2268743324006367"]
[EventDate "2026.01.12"]
[EventType "swiss"]
[EventRounds "5"]
[EventCountry "CAN"]
[TimeControl "5400+30"]

1. d4 d5 2. c4 e6 3. Nc3 Nf6 4. Bg5 a6 5. e3 dxc4 6. Bxc4 b5 7. Be2 Bb7 8. Bf3 Bxf3 9. Nxf3 Nbd7 10. O-O c5 11. Rc1 Be7 12. dxc5 Bxc5 13. Ne4 Be7 14. Nd6+ Bxd6 15. Qxd6 Qe7 16. Qc7 Qd8 17. Qd6 Qe7 18. Qxe7+ Kxe7 19. Rc7 Rhd8 20. Rfc1 h6 21. Bh4 g5 22. Nxg5 hxg5 23. Bxg5 Ke8 24. h4 Rdb8 25. Rd1 Nd5 26. Rxd7 Kxd7 27. e4 Rc8 28. g4 Rc2 29. exd5 exd5 30. Bf6 Ke6 31. g5 Rac8 32. Kg2 R8c4 33. Kg3 Rc1 34. Rxc1 Rxc1 35. Kg4 Rg1+ 36. Kf4 Rh1 37. Kg4 1/2-1/2

[Event "Ste-Foy 4 2025-26"]
[Site "Ste-Foy CAN"]
[Date "2026.01.19"]
[Round "2"]
[White "Fleury, Dominic"]
[Black "Bell, Robert"]
[Result "0-1"]
[ECO "C50"]
[WhiteElo "1327"]
[BlackElo "1281"]
[WhiteFideId "-1"]
[BlackFideId "-1"]
[PlyCount "74"]
[GameId "2268743388641259"]
[EventDate "2026.01.12"]
[EventType "swiss"]
[EventRounds "5"]
[EventCountry "CAN"]
[TimeControl "5400+30"]

1. e4 e5 2. Nf3 Nc6 3. Bc4 Bc5 4. Nc3 Nf6 5. d3 h6 6. Bd2 d6 7. h3 Na5 8. Ne2 Nxc4 9. dxc4 Nxe4 10. Be3 Bxe3 11. fxe3 Ng5 12. Qd3 e4 13. Qc3 exf3 14. Qxg7 Ke7 15. Nf4 fxg2 16. Rg1 Nf3+ 17. Ke2 Nxg1+ 18. Rxg1 Be6 19. Ng6+ Kd7 20. Ne5+ Ke7 21. Ng6+ Kd7 22. Nxh8 Bxc4+ 23. Kd2 Qxh8 24. Qxg2 Rg8 25. Qxg8 Qxb2 26. Qh7 Qb4+ 27. c3 Qb2+ 28. Qc2 Qxc2+ 29. Kxc2 Bxa2 30. Ra1 Be6 31. h4 a6 32. Kd3 Ke7 33. Rf1 f5 34. Rg1 Kf6 35. Rb1 Bd5 36. Rb4 Be4+ 37. Kd4 c5+ 0-1

[Event "Ste-Foy 4 2025-26"]
[Site "Ste-Foy CAN"]
[Date "2026.01.19"]
[Round "2"]
[White "Monat, Henri"]
[Black "Poitras, Marc"]
[Result "0-1"]
[ECO "B09"]
[WhiteElo "1159"]
[BlackElo "1312"]
[WhiteFideId "-1"]
[BlackFideId "-1"]
[PlyCount "44"]
[GameId "2268743440197623"]
[EventDate "2026.01.12"]
[EventType "swiss"]
[EventRounds "5"]
[EventCountry "CAN"]
[TimeControl "5400+30"]

1. e4 d6 2. d4 g6 3. Nc3 Bg7 4. f4 c6 5. Nf3 Bg4 6. Be3 Nf6 7. h3 Bxf3 8. Qxf3 b5 9. a3 Qa5 10. Rb1 Nfd7 11. e5 O-O 12. Bd3 c5 13. Bxb5 Nb6 14. O-O Rc8 15. a4 c4 16. Nd5 Nxd5 17. Qxd5 Nd7 18. Bxd7 Qxd5 19. Bxc8 Rxc8 20. c3 Rb8 21. Rf2 Qe4 22. Rd1 Qxe3 0-1

[Event "Ste-Foy 4 2025-26"]
[Site "Ste-Foy CAN"]
[Date "2026.01.19"]
[Round "2"]
[White "Aguilar Balzano, Sebastian"]
[Black "Chaouli, Mehdi"]
[Result "1-0"]
[ECO "C41"]
[WhiteElo "1264"]
[BlackElo "1065"]
[WhiteFideId "-1"]
[BlackFideId "-1"]
[PlyCount "35"]
[GameId "2268743505238019"]
[EventDate "2026.01.12"]
[EventType "swiss"]
[EventRounds "5"]
[EventCountry "CAN"]
[TimeControl "5400+30"]

1. e4 e5 2. Nf3 d6 3. d4 exd4 4. Nxd4 c5 5. Nf3 Bg4 6. Bc4 Nc6 7. h3 Bh5 8. Nc3 Nf6 9. g4 Bg6 10. O-O Bxe4 11. Re1 Qe7 12. Ng5 O-O-O 13. Ngxe4 Nxe4 14. Rxe4 Qh4 15. Kg2 a6 16. g5 Qxe4+ 17. Nxe4 d5 18. Bxd5 1-0

[Event "Ste-Foy 4 2025-26"]
[Site "Ste-Foy CAN"]
[Date "2026.01.19"]
[Round "2"]
[White "Pepin, Pierre-Luc"]
[Black "Descheenes, Andre-Philippe"]
[Result "0-1"]
[ECO "C01"]
[WhiteElo "1129"]
[BlackElo "1252"]
[WhiteFideId "-1"]
[BlackFideId "-1"]
[PlyCount "28"]
[GameId "2268743559231503"]
[EventDate "2026.01.12"]
[EventType "swiss"]
[EventRounds "5"]
[EventCountry "CAN"]
[TimeControl "5400+30"]

1. e4 e6 2. g3 d5 3. exd5 exd5 4. d4 Nf6 5. c3 b6 6. Bg2 Ba6 7. b3 c6 8. Nd2 Be7 9. Ngf3 O-O 10. c4 dxc4 11. Nxc4 Bb4+ 12. Bd2 Bxc4 13. bxc4 Re8+ 14. Ne5 Qxd4 0-1

[Event "Ste-Foy 4 2025-26"]
[Site "Ste-Foy CAN"]
[Date "2026.01.19"]
[Round "2"]
[White "Andriantsolofonirina, Fabrice"]
[Black "Lebel, Michel"]
[Result "1-0"]
[ECO "A04"]
[WhiteElo "1251"]
[BlackElo "1024"]
[WhiteFideId "-1"]
[BlackFideId "-1"]
[PlyCount "117"]
[GameId "2268743618594843"]
[EventDate "2026.01.12"]
[EventType "swiss"]
[EventRounds "5"]
[EventCountry "CAN"]
[TimeControl "5400+30"]

1. Nf3 e6 2. Nc3 Nf6 3. b3 d5 4. d4 Bb4 5. Bd2 Nc6 6. a3 Ba5 7. b4 Bb6 8. e3 a6 9. Na4 Ne4 10. Nxb6 cxb6 11. Bd3 O-O 12. c4 b5 13. c5 Re8 14. Qc2 Ne7 15. Bxe4 dxe4 16. Qxe4 Ng6 17. Bc3 Rb8 18. h4 Bd7 19. Ne5 f5 20. Qf3 Nxe5 21. dxe5 Bc6 22. Qg3 Qd3 23. Bd4 Rf8 24. Qf4 Bxg2 25. Rg1 Bh3 26. Qg3 Bg4 27. f3 h5 28. fxg4 fxg4 29. Qg2 g6 30. Qd2 Qe4 31. O-O-O Kg7 32. Rgf1 Rf3 33. Qg2 Rbf8 34. Rxf3 gxf3 35. Qg5 f2 36. Rf1 Qd5 37. Kb2 Qc4 38. Qg2 Qe2+ 39. Kb3 Qf3 40. Qxf3 Rxf3 41. Kb2 Kf7 42. e4 Rf4 43. Rxf2 Rxf2+ 44. Bxf2 Kg7 45. Kc3 Kh6 46. Be3+ g5 47. Bxg5+ Kg6 48. Kd4 Kf7 49. c6 bxc6 50. Kc5 Ke8 51. Kxc6 a5 52. bxa5 b4 53. axb4 Kf7 54. a6 Kg6 55. a7 Kf7 56. a8=Q Kg6 57. Bf6 Kf7 58. Qa7+ Kg6 59. Qg7# 1-0

[Event "Ste-Foy 4 2025-26"]
[Site "Ste-Foy CAN"]
[Date "2026.01.19"]
[Round "2"]
[White "Godin, Francois"]
[Black "Renzo, Alain"]
[Result "1/2-1/2"]
[ECO "C02"]
[WhiteElo "1038"]
[BlackElo "1222"]
[WhiteFideId "-1"]
[BlackFideId "-1"]
[PlyCount "136"]
[GameId "2268743672649767"]
[EventDate "2026.01.12"]
[EventType "swiss"]
[EventRounds "5"]
[EventCountry "CAN"]
[TimeControl "5400+30"]

1. d4 e6 2. e4 d5 3. e5 Bd7 4. Nf3 c5 5. c3 Qb6 6. Be2 Nc6 7. O-O cxd4 8. cxd4 Nge7 9. b3 Nf5 10. Be3 Be7 11. Nc3 a6 12. Na4 Qd8 13. Nc5 Bxc5 14. dxc5 Nxe3 15. fxe3 O-O 16. Qe1 Qb8 17. Qg3 f6 18. Nh4 Qxe5 19. Qxe5 Nxe5 20. a4 a5 21. Rad1 Rac8 22. Rc1 Rc7 23. Rc3 Rfc8 24. Rfc1 Be8 25. Kf1 Nd7 26. Bb5 Rxc5 27. Rxc5 Rxc5 28. Rxc5 Nxc5 29. Bxe8 Nxb3 30. Nf3 Kf8 31. Bb5 Ke7 32. Ke2 Kd6 33. Nd4 Nc5 34. Bd3 Nxa4 35. Bxh7 g5 36. g4 e5 37. Nf5+ Kc5 38. h4 gxh4 39. Nxh4 b5 40. Kd2 b4 41. Kc2 Nc3 42. Nf3 a4 43. Nxe5 fxe5 44. g5 Kc4 45. Bd3+ Kc5 46. g6 b3+ 47. Kb2 Nd1+ 48. Ka3 Nc3 49. g7 e4 50. Bxe4 Nb5+ 51. Kxa4 b2 52. Bg6 Nc3+ 53. Kb3 b1=Q+ 54. Bxb1 Nxb1 55. g8=Q Nd2+ 56. Kc2 Ne4 57. Qc8+ Kd6 58. Qa6+ Ke5 59. Qa1+ Kd6 60. Qa3+ Ke6 61. Qa6+ Ke5 62. Qa4 Kd6 63. Qb4+ Ke6 64. Qb6+ Ke5 65. Qd8 Ke6 66. Qg8+ Kd6 67. Qg6+ Ke5 68. Qg7+ Kd6 1/2-1/2

[Event "Ste-Foy 4 2025-26"]
[Site "Ste-Foy CAN"]
[Date "2026.01.26"]
[Round "3"]
[White "Belanger, Mathieu-Olivier"]
[Black "Potvin, Alain-Nicolas"]
[Result "1-0"]
[ECO "B06"]
[WhiteElo "1929"]
[BlackElo "1701"]
[WhiteFideId "-1"]
[BlackFideId "-1"]
[PlyCount "71"]
[GameId "2271270999984970"]
[EventDate "2026.01.12"]
[EventType "swiss"]
[EventRounds "5"]
[EventCountry "CAN"]
[TimeControl "5400+30"]

1. e4 d6 2. d4 g6 3. Nf3 Bg7 4. Bd3 e5 5. dxe5 dxe5 6. O-O Nc6 7. Qe2 Nf6 8. Nc3 O-O 9. Rd1 Bg4 10. Be3 Nd4 11. Bxd4 exd4 12. Nb5 Nh5 13. e5 Re8 14. Qe4 Bxf3 15. Qxf3 a6 16. Bc4 Rxe5 17. Qxf7+ Kh8 18. Nxd4 Qe7 19. Qxe7 Rxe7 20. c3 Rae8 21. g3 Nf6 22. a4 Ng4 23. Ne6 Ne5 24. Nxg7 Kxg7 25. Bf1 a5 26. Kg2 b6 27. b4 axb4 28. cxb4 Nf7 29. a5 c5 30. Bb5 Rb8 31. a6 cxb4 32. Rab1 Nd8 33. Rxb4 Ne6 34. Bf1 Nc5 35. Rc1 Ra8 36. Rxb6 1-0

[Event "Ste-Foy 4 2025-26"]
[Site "Ste-Foy CAN"]
[Date "2026.01.26"]
[Round "3"]
[White "Lescarbeau, Martin"]
[Black "Voisin, Antoine"]
[Result "0-1"]
[ECO "B12"]
[WhiteElo "1734"]
[BlackElo "1636"]
[WhiteFideId "-1"]
[BlackFideId "-1"]
[PlyCount "96"]
[GameId "2271271082683238"]
[EventDate "2026.01.12"]
[EventType "swiss"]
[EventRounds "5"]
[EventCountry "CAN"]
[TimeControl "5400+30"]

1. e4 c6 2. d4 d5 3. e5 c5 4. Nf3 cxd4 5. Qxd4 Nc6 6. Qf4 e6 7. Bd3 Nb4 8. Nc3 Nxd3+ 9. cxd3 h6 10. h4 Ne7 11. h5 Bd7 12. g4 Qc7 13. Be3 Nc6 14. O-O Be7 15. Nxd5 exd5 16. e6 Qxf4 17. exd7+ Kxd7 18. Bxf4 Bf6 19. d4 Rae8 20. Rfd1 Re4 21. Ne5+ Bxe5 22. Bxe5 Nxe5 23. dxe5 Rxg4+ 24. Kf1 Ke6 25. Rac1 Rh4 26. Kg2 Rxh5 27. f4 Rf5 28. Rc7 Rb8 29. Kg3 g5 30. fxg5 hxg5 31. Rh1 Kxe5 32. Re1+ Kd6 33. Ree7 f6 34. b4 Re8 35. Red7+ Ke5 36. Rxb7 Kd4 37. Rxa7 Re3+ 38. Kg4 Rf4+ 39. Kh5 g4 40. b5 g3 41. Rg7 Kc5 42. Rgc7+ Kxb5 43. Rab7+ Ka4 44. Rb8 Ka3 45. Rb6 Kxa2 46. Rcb7 Rf2 47. Ra7+ Ra3 48. Rg7 g2 0-1

[Event "Ste-Foy 4 2025-26"]
[Site "Ste-Foy CAN"]
[Date "2026.01.26"]
[Round "3"]
[White "Laurendeau, Alfred"]
[Black "Cantin, Guillaume"]
[Result "1-0"]
[ECO "A05"]
[WhiteElo "1553"]
[BlackElo "1635"]
[WhiteFideId "-1"]
[BlackFideId "-1"]
[PlyCount "40"]
[GameId "2271271159470962"]
[EventDate "2026.01.12"]
[EventType "swiss"]
[EventRounds "5"]
[EventCountry "CAN"]
[TimeControl "5400+30"]

1. Nf3 d5 2. g3 Nf6 3. Bg2 g6 4. b3 Bg7 5. Bb2 O-O 6. O-O c5 7. c4 dxc4 8. Ne5 Ng4 9. Nxc4 Bxb2 10. Nxb2 Qc7 11. Nc3 Rd8 12. Qc1 Be6 13. d3 Nc6 14. Nc4 Nd4 15. e3 Bxc4 16. dxc4 Nf5 17. Nd5 Qe5 18. h3 Ngh6 19. e4 Nd4 20. Qxh6 e6 1-0

[Event "Ste-Foy 4 2025-26"]
[Site "Ste-Foy CAN"]
[Date "2026.01.26"]
[Round "3"]
[White "Poitras, Marc"]
[Black "Chouinard, Etienne"]
[Result "1/2-1/2"]
[ECO "D37"]
[WhiteElo "1312"]
[BlackElo "1794"]
[WhiteFideId "-1"]
[BlackFideId "-1"]
[PlyCount "53"]
[GameId "2271271299189642"]
[EventDate "2026.01.12"]
[EventType "swiss"]
[EventRounds "5"]
[EventCountry "CAN"]
[TimeControl "5400+30"]

1. d4 d5 2. c4 e6 3. Nc3 Nf6 4. Bf4 c6 5. Nf3 Nbd7 6. cxd5 Nxd5 7. Bg3 Qa5 8. Qa4 Qxa4 9. Nxa4 Bb4+ 10. Nd2 b5 11. e4 Ne7 12. Nc3 a6 13. a3 Ba5 14. Bd6 Bb7 15. b4 Bb6 16. Nb3 Nc8 17. Bc5 Nxc5 18. dxc5 Bc7 19. g3 a5 20. Bg2 axb4 21. axb4 Rxa1+ 22. Nxa1 Be5 23. Kd2 Ke7 24. Nb3 Rd8+ 25. Kc2 Bxc3 26. Kxc3 e5 27. Kc2 1/2-1/2

[Event "Ste-Foy 4 2025-26"]
[Site "Ste-Foy CAN"]
[Date "2026.01.26"]
[Round "3"]
[White "Bourassa, Louis"]
[Black "Wafer, Jacques"]
[Result "1-0"]
[ECO "A53"]
[WhiteElo "1558"]
[BlackElo "1389"]
[WhiteFideId "-1"]
[BlackFideId "-1"]
[PlyCount "105"]
[GameId "2271271366396822"]
[EventDate "2026.01.12"]
[EventType "swiss"]
[EventRounds "5"]
[EventCountry "CAN"]
[TimeControl "5400+30"]

1. d4 d6 2. c4 Nf6 3. Nc3 e5 4. dxe5 dxe5 5. Qxd8+ Kxd8 6. Bg5 c6 7. Nf3 Nbd7 8. O-O-O Kc7 9. g3 Ng4 10. Be3 Nxe3 11. fxe3 Bc5 12. e4 f6 13. Rd3 a6 14. a3 Nb6 15. b4 Be7 16. Nd2 Be6 17. c5 Nc8 18. Bg2 b6 19. Na4 b5 20. Nc3 a5 21. Kb2 axb4 22. axb4 Rd8 23. Rd1 Rxd3 24. exd3 Na7 25. Nf3 Bg4 26. Ne2 Bxf3 27. Bxf3 g6 28. d4 Rd8 29. d5 Bf8 30. d6+ Kb7 31. Nc1 h5 32. Nb3 Bg7 33. Na5+ Kb8 34. Kc2 Bh6 35. Bg2 g5 36. Rf1 Rf8 37. h3 Bg7 38. Bf3 Rh8 39. Rd1 h4 40. gxh4 gxh4 41. Bg4 Bh6 42. Rf1 Bg5 43. Bd7 Rc8 44. Kd3 Bf4 45. Bxc8 Kxc8 46. Rg1 Bg3 47. Ke2 Kd7 48. Kf3 Ke6 49. Rxg3 hxg3 50. Kxg3 Kf7 51. Kg4 Ke6 52. h4 Kd7 53. Kf5 1-0

[Event "Ste-Foy 4 2025-26"]
[Site "Ste-Foy CAN"]
[Date "2026.01.26"]
[Round "3"]
[White "Tremblay, Charles"]
[Black "Aguilar Balzano, Sebastian"]
[Result "1/2-1/2"]
[ECO "D02"]
[WhiteElo "1505"]
[BlackElo "1264"]
[WhiteFideId "-1"]
[BlackFideId "-1"]
[PlyCount "70"]
[GameId "2271271440432034"]
[EventDate "2026.01.12"]
[EventType "swiss"]
[EventRounds "5"]
[EventCountry "CAN"]
[TimeControl "5400+30"]

1. d4 e6 2. Bf4 d5 3. Nf3 Nf6 4. Nbd2 c5 5. e3 Nc6 6. c3 Bd6 7. Bxd6 Qxd6 8. dxc5 Qxc5 9. Be2 O-O 10. O-O e5 11. Nb3 Qe7 12. Qc2 g6 13. Rfd1 Bf5 14. Qc1 Rfd8 15. a3 Rac8 16. Nbd2 h5 17. Bb5 e4 18. Ne1 Ne5 19. Be2 g5 20. Nb3 h4 21. Nd4 Qd7 22. Nec2 g4 23. Nxf5 Qxf5 24. Nd4 Qg6 25. Kh1 Kh8 26. Qc2 Rg8 27. Rg1 g3 28. fxg3 hxg3 29. h3 Neg4 30. Bxg4 Nxg4 31. Rge1 Nf2+ 32. Kg1 Nd3 33. Rf1 Qg5 34. Qe2 Nf2 35. Rae1 a6 1/2-1/2

[Event "Ste-Foy 4 2025-26"]
[Site "Ste-Foy CAN"]
[Date "2026.01.26"]
[Round "3"]
[White "Blais, Pierre-Luc"]
[Black "Andriantsolofonirina, Fabrice"]
[Result "1-0"]
[ECO "A04"]
[WhiteElo "1457"]
[BlackElo "1251"]
[WhiteFideId "-1"]
[BlackFideId "-1"]
[PlyCount "69"]
[GameId "2271271502875566"]
[EventDate "2026.01.12"]
[EventType "swiss"]
[EventRounds "5"]
[EventCountry "CAN"]
[TimeControl "5400+30"]

1. Nf3 g6 2. g3 Bg7 3. Bg2 Nc6 4. e4 e6 5. O-O Nge7 6. d4 d5 7. e5 Nf5 8. c3 O-O 9. Na3 a6 10. Nc2 b5 11. Nfe1 Nxe5 12. dxe5 Bxe5 13. Nd3 Bg7 14. Ne3 Re8 15. Nxf5 exf5 16. Nb4 Re6 17. Bxd5 Rd6 18. Qf3 Rxd5 19. Qxd5 Qxd5 20. Nxd5 c6 21. Ne7+ Kf8 22. Nxc8 Rxc8 23. Be3 Bf6 24. Bc5+ Be7 25. Bxe7+ Kxe7 26. Rfe1+ Kf6 27. Re2 Rd8 28. f4 a5 29. Kf2 Rd3 30. Ke1 Rd7 31. Rd1 Rc7 32. Rd6+ Kg7 33. Red2 c5 34. Rd7 Rc6 35. Re2 1-0

[Event "Ste-Foy 4 2025-26"]
[Site "Ste-Foy CAN"]
[Date "2026.01.26"]
[Round "3"]
[White "Descheenes, Andre-Philippe"]
[Black "Grimard, Carl"]
[Result "0-1"]
[ECO "D02"]
[WhiteElo "1252"]
[BlackElo "1410"]
[WhiteFideId "-1"]
[BlackFideId "-1"]
[PlyCount "70"]
[GameId "2271271566736314"]
[EventDate "2026.01.12"]
[EventType "swiss"]
[EventRounds "5"]
[EventCountry "CAN"]
[TimeControl "5400+30"]

1. d4 d5 2. Nf3 c6 3. e3 Bf5 4. Nh4 Bd7 5. Bd3 e5 6. Nf3 e4 7. Bxe4 dxe4 8. Nfd2 Nf6 9. O-O Bd6 10. Nc4 Bc7 11. b3 Bxh2+ 12. Kh1 O-O 13. g3 Bg4 14. Qd2 Bxg3 15. fxg3 Bf3+ 16. Kg1 Ng4 17. Ne5 Nxe5 18. dxe5 Qg5 19. Qh2 Nd7 20. Nd2 Nxe5 21. Nc4 Ng4 22. Qh4 Qg6 23. Bb2 Rad8 24. Ne5 Nxe5 25. Bxe5 Rd2 26. Rf2 Rfd8 27. Rxd2 Rxd2 28. Bc7 Qe6 29. Ba5 Rd5 30. c4 Rd3 31. Qf4 h6 32. Qb8+ Kh7 33. Qxa7 Qh3 34. Kf2 Qg2+ 35. Ke1 Qe2# 0-1

[Event "Ste-Foy 4 2025-26"]
[Site "Ste-Foy CAN"]
[Date "2026.01.26"]
[Round "3"]
[White "Houde, Louis-Thomas"]
[Black "Couture, Francois"]
[Result "0-1"]
[ECO "C45"]
[WhiteElo "1390"]
[BlackElo "1216"]
[WhiteFideId "-1"]
[BlackFideId "-1"]
[PlyCount "124"]
[GameId "2271271635794886"]
[EventDate "2026.01.12"]
[EventType "swiss"]
[EventRounds "5"]
[EventCountry "CAN"]
[TimeControl "5400+30"]

1. e4 e5 2. Nf3 Nc6 3. d4 exd4 4. Nxd4 Nf6 5. Nxc6 bxc6 6. Bg5 Be7 7. Bd3 h6 8. Be3 O-O 9. O-O Bb7 10. Nc3 Re8 11. Re1 Bb4 12. Bd2 c5 13. f3 d6 14. Ne2 Bxd2 15. Qxd2 d5 16. exd5 Bxd5 17. c4 Bxc4 18. Red1 Qd5 19. Bxc4 Qxc4 20. Nc3 Rad8 21. Qf2 Nd5 22. Rxd5 Rxd5 23. Nxd5 Qxd5 24. b3 Qe5 25. Rc1 Qd5 26. g3 a5 27. Kg2 Qd3 28. Rc2 Re3 29. Rd2 Qc3 30. Rd7 Rd3 31. Re7 Qd4 32. Qxd4 cxd4 33. Re2 g5 34. h4 Rc3 35. Kf2 d3 36. Rd2 Rc2 37. Ke3 Rxd2 38. Kxd2 gxh4 39. gxh4 Kg7 40. Kxd3 Kg6 41. Kc4 Kh5 42. Kb5 Kxh4 43. Kxa5 h5 44. Kb5 Kg3 45. a4 h4 46. a5 h3 47. a6 h2 48. a7 h1=Q 49. a8=Q Qf1+ 50. Kc5 Qc1+ 51. Kd4 c5+ 52. Kd3 Qd1+ 53. Kc4 Qd4+ 54. Kb5 Qb4+ 55. Kc6 Qxb3 56. Kxc5 Qxf3 57. Qg8+ Kf2 58. Kd6 f5 59. Qa2+ Kg3 60. Qg8+ Qg4 61. Qb3+ Kh4 62. Qd3 Qg3+ 0-1

[Event "Ste-Foy 4 2025-26"]
[Site "Ste-Foy CAN"]
[Date "2026.01.26"]
[Round "3"]
[White "Fleury, Dominic"]
[Black "Godin, Francois"]
[Result "1-0"]
[ECO "A22"]
[WhiteElo "1327"]
[BlackElo "1038"]
[WhiteFideId "-1"]
[BlackFideId "-1"]
[PlyCount "119"]
[GameId "2271271698602962"]
[EventDate "2026.01.12"]
[EventType "swiss"]
[EventRounds "5"]
[EventCountry "CAN"]
[TimeControl "5400+30"]

1. c4 e5 2. Nc3 d6 3. Nf3 Nf6 4. g3 Be7 5. Bg2 Be6 6. d3 Nc6 7. Qb3 Rb8 8. O-O O-O 9. Bd2 d5 10. Qc2 d4 11. Nd1 Bc5 12. a3 Qd7 13. e3 a6 14. b4 Be7 15. Re1 Ng4 16. exd4 Nxd4 17. Nxd4 Qxd4 18. Bc3 Qd6 19. h3 Nh6 20. Bxe5 Qd7 21. Nc3 Rfc8 22. Rad1 Bxh3 23. Qe2 Re8 24. Ne4 Bxg2 25. Kxg2 Ng4 26. Bc3 Kf8 27. Rh1 Bf6 28. Bxf6 Nxf6 29. Nxf6 gxf6 30. Qh5 Re6 31. Qxh7 Rbe8 32. Qf5 Qc6+ 33. Qf3 Qxf3+ 34. Kxf3 Ke7 35. Rhe1 Kd7 36. Rxe6 fxe6 37. Ke4 Rg8 38. Rh1 Rg4+ 39. Ke3 Kd6 40. Rh4 Rg5 41. Rh6 f5 42. d4 c6 43. Rh7 b6 44. Rb7 b5 45. c5+ Kd5 46. Kd3 e5 47. Rd7+ Ke6 48. Rd6+ Kf7 49. dxe5 Rg6 50. Rxg6 Kxg6 51. f4 Kf7 52. Ke3 Ke7 53. Kf3 Ke6 54. g4 fxg4+ 55. Kxg4 Ke7 56. Kf5 Kf7 57. e6+ Ke7 58. Ke5 Ke8 59. Kd6 Kd8 60. f5 1-0

[Event "Ste-Foy 4 2025-26"]
[Site "Ste-Foy CAN"]
[Date "2026.01.26"]
[Round "3"]
[White "Lebel, Michel"]
[Black "Monat, Henri"]
[Result "1-0"]
[ECO "B34"]
[WhiteElo "1024"]
[BlackElo "1159"]
[WhiteFideId "-1"]
[BlackFideId "-1"]
[PlyCount "119"]
[GameId "2271271773699038"]
[EventDate "2026.01.12"]
[EventType "swiss"]
[EventRounds "5"]
[EventCountry "CAN"]
[TimeControl "5400+30"]

1. e4 c5 2. Nf3 Nc6 3. Bc4 e6 4. d4 cxd4 5. Nxd4 g6 6. Nxc6 bxc6 7. O-O Bg7 8. c3 d5 9. exd5 exd5 10. Re1+ Be6 11. Bd3 Ne7 12. Nd2 O-O 13. Nf3 h6 14. Qa4 Qd6 15. Nd4 Bd7 16. Bd2 Rfe8 17. Rab1 Qc7 18. Nf3 c5 19. Qh4 Bf5 20. Bxf5 Nxf5 21. Qh3 Rab8 22. Nh4 Rxe1+ 23. Bxe1 Qf4 24. Nxf5 Qxf5 25. Qxf5 gxf5 26. b3 Re8 27. Kf1 Re4 28. f3 Re7 29. Rd1 d4 30. cxd4 cxd4 31. Bf2 Rd7 32. a4 d3 33. Be3 h5 34. g3 Bc3 35. Bd2 Bd4 36. b4 Rc7 37. Rc1 Rc2 38. Ke1 Bg1 39. h3 Kf8 40. Rxc2 dxc2 41. Bc1 Ke7 42. Kd2 Bf2 43. g4 fxg4 44. fxg4 Bh4 45. Kxc2 hxg4 46. hxg4 Kd7 47. b5 Bd8 48. Be3 Bb6 49. Bf4 Ke6 50. Kd3 Kd5 51. Kc3 Ba5+ 52. Kb3 Bb6 53. g5 Ba5 54. Be3 Bb6 55. Bxb6 axb6 56. Kb4 Kd6 57. a5 Kc7 58. a6 Kb8 59. Kc4 Kc7 60. Kd5 1-0